 Dungeon Crawl Stone Soup version 0.18-a0-1745-gffa9a88 (webtiles) character file.

1 tyvek the Sneak (level 1, -2/9 HPs)
             Began as a Spriggan Enchanter on Apr 12, 2016.
             Slain by an adder (5 damage)
             ... on level 1 of the Dungeon.
             The game lasted 00:02:31 (41 turns).

tyvek the Sneak (Spriggan Enchanter)                  Turns: 41, Time: 00:02:31

Health: -2/9       AC:  3    Str:  4    XL:     1   Next: 16%
Magic:  1/5        EV: 18    Int: 16    God:
Gold:   0          SH:  0    Dex: 16    Spells: 1 memorised, 4 levels left

rFire  . . .     SeeInvis +     a - +1 dagger
rCold  . . .     Gourm    .     b - +1 robe
rNeg   . . .     Faith    .     (shield restricted)
rPois  .         Spirit   .     (helmet restricted)
rElec  .         Dismiss  .     (no cloak)
rCorr  .         Reflect  .     (gloves unavailable)
SustAt .         Harm     .     (boots unavailable)
MR     .....                    (no amulet)
Stlth  +++.......               (no ring)
                                (no ring)

@: lethally poisoned (-2 -> -9), very slightly contaminated, very quick, not
resistant to hostile enchantments, fairly stealthy
A: unfitting armour, see invisible, herbivore 3, speed 3, slow metabolism 2
a: no special abilities


You were on level 1 of the Dungeon.
You were not hungry.

You visited 1 branch of the dungeon, and saw 1 of its levels.

Inventory:

Hand Weapons
 a - a +1 dagger (weapon)
Armour
 b - a +1 robe (worn)
Books
 c - a book of Maledictions
Comestibles
 d - a bread ration {@e1}


   Skills:
 - Level 1.1 Short Blades
 - Level 3.0 Dodging
 - Level 4.4 Stealth
 + Level 2.7 Spellcasting
 * Level 3.7 Hexes


You had 4 spell levels left.
You knew the following spells:

 Your Spells              Type           Power        Failure   Level  Hunger
v - Corona                Hex            ##.....      6%          1    #......


Dungeon Overview and Level Annotations

Branches:
Dungeon (1/15)

Altars:

Annotations:
D:1 1 runed door


Innate Abilities, Weirdness & Mutations

You are tiny and cannot use many weapons and most armour.
You have supernaturally acute eyesight.
You are a herbivore.
You cover ground extremely quickly.
You need consume almost no food.


Message History

Welcome, tyvek the Spriggan Enchanter.
Will you be the one to retrieve the fabulous Orb of Zot from the depths?
Found 21 sling bullets and 16 stones.
Found two stairs.
The jackal barks!
The ooze quivers. x2
There is a fountain of clear blue water here.
You open the door.
The ooze quivers.
There is an open door here.
A rat comes into view.
A rat is nearby!
A rat is nearby!
A rat is nearby! 2 bats come into view.
You see here a club.
A goblin comes into view. It is wielding a dagger.
You hit the bat. The bat closely misses you.
You miss the bat. The bat closely misses you. The rat completely misses you.
The bat hits you but does no damage.
You see here a club.
The bat misses you. The bat completely misses you.
Aim: a bat (severely wounded, chance to defeat MR: 83%)
The bat is outlined in light.
The bat barely misses you.
You now have 4/5 mp.
The bat hits you but does no damage. The bat misses you.
The bat hits you but does no damage.
You hit the bat.
You kill the bat!
The bat misses you. The bat misses you. The bat barely misses you.
The bat barely misses you.
You miss the bat. The bat completely misses you. The bat misses you.
Aim: a bat (chance to defeat MR: 84%)
The bat is outlined in light.
The bat misses you.
You now have 3/5 mp.
You hit the bat but do no damage. The bat hits you but does no damage.
The bat closely misses you.
You barely miss the bat. The bat misses you.
An adder comes into view.
You hit the rat but do no damage. The rat bites you.
You take 1 damage, and have 8/9 hp.
Aim: a bat (softly glowing, chance to defeat MR: 84%)
You miscast Corona.
You are very lightly contaminated with residual magic.
Nothing appears to happen.
The rat closely misses you.
Aim: a bat (softly glowing, chance to defeat MR: 84%)
You miscast Corona.
Your skin tingles.
The rat misses you.
You now have 2/5 mp.
Okay, then.
You closely miss the rat. You hit the rat.
The bat stops glowing.
The rat barely misses you. The adder bites you.
You take 2 damage, and have 6/9 hp.
MASSIVE DAMAGE!!
You barely miss the rat. The rat completely misses you. The adder bites you.
You are lethally poisoned!
The adder poisons you!
You take 2 damage, and have 4/9 hp.
MASSIVE DAMAGE!!
Aim: an adder (chance to defeat MR: 60%)
The adder struggles to resist.
You feel sick. The adder bites you.
Ouch! That really hurt!
You die...

.##.....g....##
...... .......
..... .....# #...
.b..(
.######.##..#
.........r..#
...........##
...###)####
#.br@.# #
#.###S####### #...
#........
##..###.#######
.............)#
..........)...#
###+#######'###..#
#..⌠...>...⌠..# .#
#.....(<......#


You could see an adder, a bat and a rat.

Vanquished Creatures
  A bat (D:1)
1 creature vanquished.

Notes
Turn   | Place    | Note
--------------------------------------------------------------
     0 | D:1      | tyvek the Spriggan Enchanter began the quest for the Orb.
     0 | D:1      | Reached XP level 1. HP: 9/9 MP: 5/5
     1 | D:1      | Found a runed door.
    41 | D:1      | Slain by an adder

Vault maps used:
D:1:      dpeg_arrival_caged_fury, corexii_leaking_fountain

Action                   || total
-------------------------++-------
Melee: Dagger            ||    10
 Cast: Corona            ||     3

Vault maps used:
D:1:      dpeg_arrival_caged_fury, corexii_leaking_fountain

Table legend:
 A = Turns spent in this place as a percentage of turns spent in the entire game.
 B = Non-inter-level travel turns spent in this place as a percentage of non-inter-level travel turns spent in the entire game.
 C = Inter-level travel turns spent in this place as a percentage of turns spent in this place.
 D = Turns resting spent in this place as a percentage of non-inter-level travel turns spent in this place.
 E = Turns spent auto-exploring this place as a percentage of non-inter-level travel turns spent in this place.
 F = Non-inter-level travel turns spent in this place divided by the number of levels of this place that you've seen.
                   A       B       C       D       E      F
               +-------+-------+-------+-------+-------+----------------------
         Total | 100.0 | 100.0 |   0.0 |   0.0 |   2.9 |  34.0
       Dungeon | 100.0 | 100.0 |   0.0 |   0.0 |   2.9 |  34.0
               +-------+-------+-------+-------+-------+----------------------

Table legend:
 A = Kills in this place as a percentage of kills in entire the game.
 B = Kills by you in this place as a percentage of kills by you in the entire game.
 C = Kills by friends in this place as a percentage of kills by friends in the entire game.
 D = Other kills in this place as a percentage of other kills in the entire game.
 E = Experience gained in this place as a percentage of experience gained in the entire game.
 F = Experience gained in this place divided by the number of levels of this place that you have seen.
                   A       B       C       D       E      F
               +-------+-------+-------+-------+-------+----------------------
         Total | 100.0 | 100.0 |  -nan |  -nan | 100.0 |   2.0
       Dungeon | 100.0 | 100.0 |  -nan |  -nan | 100.0 |   2.0
               +-------+-------+-------+-------+-------+----------------------
